 Dungeon Crawl Stone Soup version 0.29.1-15-g9cfb28693d (webtiles) character file.

Game seed: 7637736308788333103

129 javelincjr the Magician (level 4, 0/32 HPs)
             Began as a Demonspawn Hedge Wizard on Apr 7, 2023.
             Was a Believer of Qazlal.
             Slain by Ijyb
             ... wielding a +4 club
              (7 damage)
             ... on level 3 of the Dungeon.
             The game lasted 00:11:01 (3069 turns).

javelincjr the Magician (Demonspawn Hedge Wizard)   Turns: 3069, Time: 00:11:02

Health: 0/32       AC:  2    Str: 12    XL:     4   Next: 88%
Magic:  18/18      EV: 12    Int: 22    God:    Qazlal [**....]
Gold:   159        SH:  2    Dex: 12    Spells: 5/10 levels left

rFire   . . .      SeeInvis .   a - +0 dagger
rCold   . . .      Faith    .   (no shield)
rNeg    . . .      Spirit   .   b - +0 robe
rPois   .          Reflect  .   c - +0 hat
rElec   .          Harm     .   (no cloak)
rCorr   .          Rampage  .   (no gloves)
Will    .....                   (no boots)
Stlth   ++........              i - amulet of magic regeneration
HPRegen 1.10/turn               f - +6 ring of intelligence
MPRegen 0.56/turn               u - ring of magical power

@: no status effects
A: powered by death 1, weakness stinger 1
a: Renounce Religion, Upheaval


You were on level 3 of the Dungeon.
You worshipped Qazlal.
Qazlal was pleased with you.
You visited 1 branch of the dungeon, and saw 3 of its levels.

You collected 159 gold pieces.

Inventory:

Hand Weapons
 a - a +0 dagger (weapon)
Armour
 b - a +0 robe (worn)
 c - a +0 hat (worn)
Jewellery
 e - an amulet of the acrobat
 f - a +6 ring of intelligence (left hand)
 g - a +6 ring of dexterity
 i - an amulet of magic regeneration (around neck)
 k - a ring of poison resistance
 m - an amulet of reflection
 u - a ring of magical power (right hand)
Wands
 o - a wand of paralysis (11)
Scrolls
 h - 7 scrolls of identify {unknown}
 j - 2 scrolls of blinking {unknown}
 l - 4 scrolls of silence {unknown}
 n - a scroll of teleportation {unknown}
 s - a scroll of fear {unknown}
 v - 2 scrolls of summoning {unknown}
 w - 2 scrolls of poison {unknown}
Potions
 d - a potion of magic
 q - a potion of heal wounds
 r - a potion of cancellation {unknown}
 t - a potion of lignification


   Skills:
 * Level 1.6 Fighting
 + Level 0.7 Armour
 + Level 2.2 Dodging
 - Level 1.7 Stealth
 * Level 3.7 Spellcasting
 + Level 1.9 Conjurations
 + Level 1.7 Summonings
 + Level 1.6 Translocations
 + Level 0.0 Invocations


You had 5 spell levels left.
You knew the following spells:

 Your Spells              Type           Power      Damage    Failure   Level
a - Magic Dart            Conj           48%        1d5       5%          1
b - Blink                 Tloc           22%        N/A       9%          2
c - Call Imp              Summ           11%        N/A       9%          2

Your spell library contained the following spells:

 Spells                   Type           Power      Damage    Failure   Level
 Freeze                   Ice            16%        1d4       12%         1
 Slow                     Hex            16%        N/A       12%         1
 Conjure Flame            Conj/Fire      8%         6-21      24%         3
 Stone Arrow              Conj/Erth      16%        3d8       24%         3
 Mephitic Cloud           Conj/Pois/Air  6%         N/A       26%         3
 Frozen Ramparts          Ice            8%         1d2       34%         3
 Hailstorm                Conj/Ice       8%         3d4       61%         4
 Animate Armour           Summ/Erth      14%        N/A       63%         4
 Lehudib's Crystal Spear  Conj/Erth      4%         10d3      100%        8


Dungeon Overview and Level Annotations

Branches:
Dungeon (3/15)

Altars:
Hepliaklqana
Kikubaaqudgha
Qazlal

Shops:
D:1 [

Annotations:
D:3 Ijyb


Innate Abilities, Weirdness & Mutations

You regenerate a little health from kills.
You have a small tail.


Message History

Ijyb zaps a wand.
The roots erupt in riotous growth!
Roots grab your crimson imp.
Ijyb is unaffected.
The grasping roots constrict your crimson imp.
Your crimson imp closely misses Ijyb.
Ijyb hits your crimson imp but does no damage.
The grasping roots constrict your crimson imp.
You hit the endoplasm but do no damage. You tail-slap the endoplasm.
The endoplasm is heavily wounded.
Your crimson imp struggles to blink free from constriction.
Ijyb hits your crimson imp with a +4 club!
Your crimson imp dies!
Your crimson imp disappears in a puff of smoke!
The endoplasm closely misses you.
You hit the endoplasm but do no damage.
The endoplasm is heavily wounded.
A worm comes into view.
Ijyb zaps a wand.
The roots erupt in riotous growth!
The grasping roots grab you!
The endoplasm is unaffected.
The grasping roots constrict you. The endoplasm freezes you.
You are frozen.
You hit the endoplasm.
You kill the endoplasm!
Qazlal accepts your kill. The grasping roots constrict you.
Casting: Call Imp (safe; 9% risk of failure)
Confirm with . or Enter, or press ? or * to list all spells.
Aiming: Magic Dart (safe; 5% risk of failure)
Press: ? - help, Shift-Dir - straight line, f/p - Ijyb
Aim: Ijyb, wielding a +4 club, wearing a +0 chain mail and carrying a wand of roots (7) (moderately wounded, 100% to hit)
The magic dart hits Ijyb but does no damage.
Ijyb is moderately wounded.
The grasping roots constrict you!
* * * LOW HITPOINT WARNING * * *
The grasping roots release their grip on you.
You closely miss Ijyb.
Ijyb is moderately wounded.
Ijyb hits you with a +4 club!
You die...

#.#.#.#.#.#####.#
...........## #
#.#.#.#.#.#.# ...
...........##
#.#.#.#.#.#.#.#.#
...............###.#
.#.#.#.#.#.#.#.#....#
........○.......#####
.#.#.#@#.#.#.#.#
........g......##
.#.#.#.#.#.#.#.#
..w....†.....##
#.#.#.#.#.#.#.# .
...........##
#.#.#.#.#.#.#
.!.........##
#.#.#.#§#.#


You could see Ijyb and a worm.

Vanquished Creatures
  An orc priest (D:2)
  3 adders (D:2)
  A worm (D:2)
  A dart slug (D:3)
  3 orcs (D:2)
  2 ball pythons (D:2)
  8 endoplasms
  4 giant cockroaches
  4 goblins
  6 hobgoblins
  2 jackals (D:2)
  3 quokkas
  3 bats
  13 frilled lizards
  5 kobolds
  2 rats (D:2)
61 creatures vanquished.

Vanquished Creatures (collateral kills)
  2 frilled lizards (D:3)
2 creatures vanquished.

Vanquished Creatures (others)
  6 plants (D:3)
6 creatures vanquished.

Grand Total: 69 creatures vanquished

Notes
Turn   | Place    | Note
-------+----------+-------------------------------------------
     0 | D:1      | javelincjr the Demonspawn Hedge Wizard began the quest for
                  | the Orb.
     0 | D:1      | Reached XP level 1. HP: 13/13 MP: 4/4
   246 | D:1      | Found a faded altar of an unknown god.
   256 | D:1      | Reached skill level 1 in Translocations
   285 | D:1      | Prayed at the altar of an unknown god.
   285 | D:1      | Became a worshipper of Qazlal Stormbringer
   285 | D:1      | Reached * piety under Qazlal
   332 | D:1      | Gained mutation: You have a small tail. [demonic ancestry]
   332 | D:1      | Reached XP level 2. HP: 20/20 MP: 4/6
   335 | D:1      | Learned a level 2 spell: Blink
   707 | D:1      | Found Jibiogh's Armour Shoppe.
  1057 | D:2      | Reached skill level 1 in Fighting
  1150 | D:2      | Reached XP level 3. HP: 26/26 MP: 5/7
  1199 | D:2      | Learned a level 2 spell: Call Imp
  1676 | D:2      | Gained mutation: You regenerate a little health from kills.
                  | [demonic ancestry]
  1676 | D:2      | Reached XP level 4. HP: 20/32 MP: 5/9
  2165 | D:2      | Reached ** piety under Qazlal
  2871 | D:3      | Found a hazy altar of Hepliaklqana.
  2873 | D:3      | Found an ancient bone altar of Kikubaaqudgha.
  3028 | D:3      | Noticed Ijyb
  3069 | D:3      | Slain by Ijyb

Illustrated notes

Levels and vault maps discovered:
D:1:      matt_arrival_los_fun, layout_rooms, serial_shops, nicolae_shop_stone,
          chequers_ecumenical_altar_island, kennysheep_pointless_box,
          minmay_misc_feat_chi, minmay_octomino_j4
D:2:      layout_loops_cross, minmay_quadrilaterals
D:3:      layout_basic, minitemple, hangedman_decor_peaks_small, hex_large,
          minmay_lizard_king, uniq_ijyb

Skill      XL: |  1  2 |
---------------+-------+-----
Translocations | 1 |  1.6
Dodging        | 2 |  2.2
Fighting       | 1 |  1.6
Armour         | |  0.7
Stealth        | |  1.7
Spellcasting   | |  3.7
Conjurations   | |  1.9
Summonings     | |  1.7

Action                   |  1- 3 |  4- 6 || total
-------------------------+-------+-------++-------
Melee: Dagger            |    13 |    59 ||    72
       Tailslap          |     1 |     9 ||    10
 Cast: Magic Dart        |    85 |    42 ||   127
       Call Imp          |     1 |     9 ||    10
       Blink             |       |     3 ||     3
Evoke: Wand              |       |     2 ||     2
  Use: Potion            |       |     3 ||     3
Armor: Robe              |     7 |    10 ||    17
       Skin              |       |     6 ||     6
Dodge: Dodged            |    45 |    45 ||    90
Block: Other             |       |    10 ||    10
